 Dungeon Crawl Stone Soup version 0.31-a0-152-g6aa68a64a1 (webtiles) character file.

Game seed: 16308681436399754189

4445 jasper the Nimble (level 10, -1/63 HPs)
             Began as a Deep Elf Air Elementalist on June 9, 2023.
             Was a Believer of Ashenzari.
             Slain by a gnoll
             ... wielding a +0 heavy flail
             ... summoned by a spriggan
              (13 damage)
             ... in a bailey.
             The game lasted 00:13:04 (10436 turns).

jasper the Nimble (Deep Elf Air Elementalist)      Turns: 10436, Time: 00:13:05

Health: -1/63      AC:  6    Str:  5    XL:     10   Next: 15%
Magic:  1/16       EV: 18    Int: 25    God:    Ashenzari [**....]
Gold:   91         SH:  0    Dex: 15    Spells: 5/15 levels left

rFire   . . .        l - staff of conjuration "Ruined Anxiety" (curse) {Elem, Fort} (curse)
rCold   + . .        (no shield)
rNeg    . . .        a - +1 robe of the Prophetic God {Fort, Melee} (curse)
rPois   .            (no helmet)
rElec   .            v - +0 cloak
rCorr   .            D - +0 pair of gloves
SInv    +            B - +0 pair of boots
Will    +....        I - amulet of regeneration
Stlth   ++           u - ring of Curses and Power {rC+, Alch, Cun} (curse)
HPRegen 1.10/turn    m - ring of wizardry
MPRegen 0.15/turn

%: wizardry (x1)
@: about to teleport
A: no striking features
a: Renounce Religion, Curse Item, Shatter the Chains


You were in a bailey.
You worshipped Ashenzari.
Ashenzari was pleased with you.
You visited 1 branch of the dungeon, and saw 9 of its levels.
You also visited: Sewer, Ossuary and Bailey.

You collected 541 gold pieces.
You spent 450 gold pieces at shops.

Inventory:

Hand Weapons
 c - a +0 short sword
 h - a +1 trident
 x - a +0 rapier
Armour
 a - the cursed +1 robe of the Prophetic God (worn) {Fort, Melee}

   It has a curse which improves the following skills: Fortitude: Armour and
   Shields.
   Melee Combat: Short Blades, Long Blades, Axes, Maces & Flails, Polearms,
   Staves and Unarmed Combat.
 o - a scarf of repulsion
 v - a +0 cloak (worn)
 B - a +0 pair of boots (worn)
 D - a +0 pair of gloves (worn)
Magical Staves
 l - the cursed staff of conjuration "Ruined Anxiety" (weapon) {Elem, Fort}
   (You found it on level 2 of the Dungeon)

   [staff of conjuration]

   Base accuracy: +5 Base damage: 5 Base attack delay: 1.2 This weapon's minimum
   attack delay (0.6) is reached at skill level 12.
   It falls into the 'Staves' category.
   It is a one-handed weapon.
   It has a curse which improves the following skills: Elements: Fire Magic, Ice
   Magic, Air Magic and Earth Magic.
   Fortitude: Armour and Shields.
Jewellery
 k - a ring of flight
 m - a ring of wizardry (right hand)
 u - the cursed ring of Curses and Power (left hand) {rC+, Alch, Cun}
   (You found it on level 4 of the Dungeon)

   [ring of protection from cold]

   rC:        It protects you from cold.
   It has a curse which improves the following skills: Alchemy: Poison Magic and
   Transmutations.
   Cunning:   Dodging and Stealth.
 I - an amulet of regeneration (around neck)
 M - a +4 ring of slaying
 N - a ring of ice
Wands
 n - a wand of roots (11)
 z - a wand of mindburst (6)
 A - a wand of digging (6)
 F - a wand of charming (8)
Scrolls
 d - 2 scrolls of brand weapon
 g - a scroll of fog
 w - 2 scrolls of amnesia
 y - 2 scrolls of teleportation
 E - a scroll of enchant armour
 G - a scroll of summoning
 H - a scroll of silence
 J - a scroll of immolation
 K - a scroll of enchant weapon
Potions
 e - a potion of curing
 f - 2 potions of mutation
 i - 4 potions of lignification
 j - a potion of haste
 p - a potion of degeneration
 q - a potion of brilliance
 r - 2 potions of attraction
 s - a potion of resistance
 t - 2 potions of might
 C - a potion of invisibility
 L - a potion of enlightenment


   Skills:
 + Level 7.6 Fighting
 + Level 11.2(12.3) Dodging
 - Level 2.4(3.3) Stealth
 - Level 3.0 Spellcasting
 - Level 5.6 Conjurations
 - Level 5.9(7.1) Air Magic


You had 5 spell levels left.
You knew the following spells:

 Your Spells              Type           Power      Damage    Failure   Level
a - Shock                 Conj/Air       100%       1d9       1%          1
b - Static Discharge      Conj/Air       100%       2-7/arc   1%          2
c - Swiftness             Air            39%        N/A       1%          3
d - Airstrike             Air            19%        2d(3-19)  2%          4

Your spell library contained the following spells:

 Spells                   Type           Power      Damage    Failure   Level
 Beastly Appendage        Tmut           8%         N/A       4%          1
 Lesser Beckoning         Tloc           6%         N/A       6%          2
 Gell's Gravitas          Tloc           3%         N/A       12%         3
 Teleport Other           Tloc           3%         N/A       12%         3
 Petrify                  Tmut/Erth      4%         N/A       34%         4
 Conjure Ball Lightning   Conj/Air       26%        3x3d7     41%         6
 Statue Form              Tmut/Erth      2%         N/A       99%         6


Dungeon Overview and Level Annotations

Branches:
Dungeon (9/15)             Temple (0/1) D:5           Sewer (visited)
Ossuary (visited)          Bailey (1/1)
   Lair: D:8-11         Orc: D:9-12

Altars:
Ashenzari
Elyvilon
Nemelex Xobeh
Vehumet
Zin

Shops:
D:5 *


Message History

The orc hits you but does no damage. The gnoll misses you.
The spriggan hits you from afar with a +0 trident!
* * * LOW HITPOINT WARNING * * *
You take 30 damage, and have 11/63 hp.
MASSIVE DAMAGE!!
You feel much better. The steam dragon barely misses you.
The steam dragon closely misses you.
The spriggan splashes around in the water.
The orc warrior hits you with a +0 flail!
You regained 21 hp, and now have 32/63 hp.
As you read the scroll of teleportation, it crumbles to dust.
You feel strangely unstable. The spriggan barely misses you.
The steam dragon misses you. The steam dragon claws you.
The gnoll hits you with a +0 heavy flail.
The orc warrior misses you. The spriggan closely misses you.
You take 9 damage, and have 23/63 hp.
You feel better. The steam dragon breathes steam at you.
The ball of steam misses you.
The spriggan splashes around in the water.
The orc wizard hits you but does no damage.
The orc warrior closely misses you. The gnoll completely misses you.
You hear two shouts!
You regained 8 hp, and now have 31/63 hp.
You feel better.
You are engulfed in a cloud of scalding steam.
The spriggan closely misses you. The steam dragon completely misses you.
The steam dragon claws you but does no damage.
The orc wizard misses you.
The orc warrior hits you with a +0 flail!
The spriggan closely misses you.
You take 11 damage, and have 20/63 hp.
You hit the steam dragon.
You kill the steam dragon!
The +0 steam dragon scales are intact enough to wear.
The spriggan splashes around in the water.
The orc wizard hits you with a +0 dagger.
The orc warrior hits you with a +0 flail!
* * * LOW HITPOINT WARNING * * *
The gnoll hits you with a +0 heavy flail!
You die...

, ~~ #..# *
♣..# , . *
{,#).# * ..♣♣
,##..# , ..i
##..##
♣###g####..##
...~oioo..##
*....ggggo##
#..gggo@##
#########


You could see an orc warrior (summoned), 2 spriggans, an orc wizard (summoned),
8 gnolls and 3 orcs.

Vanquished Creatures
  A hornet (D:7)
  Eustachio (D:5)
  2 wyverns (D:9)
  3 steam dragons
  2 water moccasins (D:7)
  2 sky beasts
  A black bear (D:7)
  An ice beast (D:7)
  6 ogres
  2 centaurs
  A phantom (D:5)
  6 bullfrogs
  An elf zombie (Ossuary)
  A kobold brigand (D:8)
  3 scorpions
  4 howler monkeys
  4 killer bees (D:9)
  4 human zombies (Ossuary)
  A jelly (D:6)
  4 centaur zombies (Ossuary)
  4 orc priests
  4 hounds
  A sleepcap (D:6)
  3 iguanas
  6 orc wizards
  2 mummies (Ossuary)
  14 adders
  7 river rats (Sewer)
  2 white imps
  3 ufetubi
  3 dart slugs (D:1)
  26 orcs
  20 ball pythons
  4 bats
  7 endoplasms
  6 giant cockroaches
  5 goblins
  8 hobgoblins
  7 jackals
  4 quokkas
  6 frilled lizards
  2 goblin zombies
  12 hobgoblin zombies (Ossuary)
  12 kobolds
  3 kobold zombies (Ossuary)
  11 orc zombies (Ossuary)
  A quokka zombie (D:8)
  26 rats
  A rat zombie (Ossuary)
260 creatures vanquished.

Notes
Turn   | Place    | Note
-------+----------+-------------------------------------------
     0 | D:1      | jasper the Deep Elf Air Elementalist began the quest for
                  | the Orb.
     0 | D:1      | Reached XP level 1. HP: 10/10 MP: 6/6
   276 | D:1      | Reached XP level 2. HP: 15/15 MP: 6/8
   279 | D:1      | Learned a level 2 spell: Static Discharge
   592 | D:1      | Got Cuehoss's Octavo of Breath and Reformation
   636 | D:1      | Reached XP level 3. HP: 19/19 MP: 5/9
  1398 | D:2      | Learned a level 3 spell: Swiftness
  1502 | D:2      | Reached XP level 4. HP: 24/24 MP: 5/10
  2470 | D:3      | Found a glowing drain.
  2496 | Sewer    | Entered a sewer
  2696 | Sewer    | Reached XP level 5. HP: 28/28 MP: 8/11
  2701 | Sewer    | Learned a level 4 spell: Airstrike
  3171 | Sewer    | Reached skill level 5 in Air Magic
  3254 | Sewer    | Reached XP level 6. HP: 3/32 MP: 1/12
  3259 | Sewer    | Reached skill level 5 in Conjurations
  4304 | D:4      | Reached XP level 7. HP: 29/36 MP: 6/13
  4481 | D:4      | Reached skill level 1 in Fighting
  4481 | D:4      | Reached skill level 3 in Dodging
  4599 | D:4      | Found a sparkling altar of Nemelex Xobeh.
  4602 | D:4      | Found a broken altar of Ashenzari.
  4606 | D:4      | Found a glowing silver altar of Zin.
  4675 | D:4      | Became a worshipper of Ashenzari the Shackled
  4713 | D:4      | Found a white marble altar of Elyvilon.
  4890 | D:5      | Entered Level 5 of the Dungeon
  5084 | D:5      | Reached skill level 4 in Dodging
  5172 | D:5      | Found a staircase to the Ecumenical Temple.
  5329 | D:5      | Noticed Eustachio
  5345 | D:5      | Killed Eustachio
  5346 | D:5      | Reached skill level 5 in Dodging
  5346 | D:5      | Reached XP level 8. HP: 23/46 MP: 0/14
  5733 | D:5      | Found Buoj's Neck Hole.
  5759 | D:5      | Reached skill level 6 in Dodging
  6630 | D:6      | Reached skill level 7 in Dodging
  6733 | D:6      | Found a radiant altar of Vehumet.
  7436 | D:7      | Reached skill level 5 in Fighting
  7438 | D:7      | Reached skill level 8 in Dodging
  7443 | D:7      | Reached * piety under Ashenzari
  7485 | D:7      | Reached XP level 9. HP: 47/54 MP: 5/15
  7905 | D:7      | Reached skill level 9 in Dodging
  8253 | D:5      | Bought an amulet of regeneration for 450 gold pieces
  8333 | D:8      | Found a sand-covered staircase.
  8397 | Ossuary  | Entered an ossuary
  8970 | Ossuary  | Reached skill level 10 in Dodging
  9371 | D:8      | Reached ** piety under Ashenzari
  9588 | D:8      | Noticed a two-headed ogre
 10030 | D:9      | Reached XP level 10. HP: 63/63 MP: 4/16
 10036 | D:9      | Found a flagged portal.
 10049 | Bailey   | Entered a bailey
 10165 | Bailey   | Reached skill level 11 in Dodging
 10430 | Bailey   | Identified the +8 hand axe of Nesyd {freeze, rPois Dex+3}
 10436 | Bailey   | Slain by a gnoll

Illustrated notes

Levels and vault maps discovered:
D:1:      dpeg_arrival_renting, layout_basic
D:2:      layout_basic, st_stairs_9, nicolae_figureground_sparkle
D:3:      layout_basic, cheibrodos_sewer_entry_drain,
          kennysheep_decorative_pillar, st_stairs_14
D:4:      layout_loops_cross, elyvilon_altar_3, grunt_temple_overflow_diamond,
          minmay_misc_feat_room
D:5:      layout_loops_corners, minmay_temple_entry_slanted,
          nicolae_shop_sticking_my_neck_out, uniq_eustachio
D:6:      layout_basic, lemuel_round_altar, nicolae_zen_rock_garden
D:7:      layout_rooms
D:8:      layout_gridville, slow_altar_2, enter_ossuary_4
D:9:      layout_roguey, orc_0_dummy, enter_bailey_6, gammafunk_ghost_ooze,
          ldierk_geyser, kennysheep_minor_cross
Bailey:   bailey_polearm_enchanted_keep_hellmonk, bailey

Skill      XL: |  1  2  3  4  5  6  7  8  9 10 |
---------------+-------------------------------+-----
Conjurations   | 2 3 4 5 |  5.6
Air Magic      | 4 5 |  5.9
Fighting       | 3 5 7 |  7.6
Dodging        | 5 8 10 11 | 11.2
Stealth        | |  2.4
Spellcasting   | |  3.0

Action                     |  1- 3 |  4- 6 |  7- 9 | 10-12 || total
---------------------------+-------+-------+-------+-------++-------
  Melee: Short sword       |     6 |       |       |       ||     6
         Staff             |       |    17 |    62 |     7 ||    86
         Punch             |       |       |     1 |       ||     1
   Cast: Shock             |    65 |   152 |   216 |     6 ||   439
         Static Discharge  |     2 |     6 |    23 |     1 ||    32
         Airstrike         |       |       |    35 |    11 ||    46
 Invoke: Curse Item        |       |       |     3 |       ||     3
  Evoke: Wand              |       |     1 |    14 |     2 ||    17
    Use: Scroll            |     1 |     9 |     4 |     1 ||    15
         Potion            |       |     1 |     4 |     4 ||     9
   Stab: Sleeping          |       |       |     1 |       ||     1
 Armour: Robe              |     3 |     5 |    29 |     8 ||    45
  Dodge: Dodged            |     5 |    33 |    99 |    34 ||   171

Table legend: (Time is in decaauts)
 A = Elapsed time spent in this place.
 B = Non-inter-level travel time spent in this place.
 C = Inter-level travel time spent in this place.
 D = Time resting spent in this place.
 E = Time spent auto-exploring this place.
 F = Levels seen in this place.
 G = Mean time per level.
                   A        B        C        D        E       F      G
               +--------+--------+--------+--------+--------+-----+--------+
         Total |  10490 |  10134 |    356 |     90 |   8685 |  12 |  874.2 |
       Dungeon |   8476 |   8120 |    356 |     90 |   7013 |   9 |  941.8 |
         Sewer |    912 |    912 |      0 |      0 |    791 |   1 |  912.0 |
       Ossuary |    712 |    712 |      0 |      0 |    540 |   1 |  712.0 |
        Bailey |    389 |    389 |      0 |      0 |    339 |   1 |  389.0 |
               +--------+--------+--------+--------+--------+-----+--------+

Top non-repeatable levels by time:
     D:5: 1391 daAuts
     D:6: 1220 daAuts
     D:2: 1207 daAuts
     D:1: 1088 daAuts
     D:4: 922 daAuts
   Sewer: 912 daAuts
     D:7: 906 daAuts
     D:3: 797 daAuts
 Ossuary: 712 daAuts
     D:8: 660 daAuts
  Bailey: 389 daAuts
     D:9: 280 daAuts
